 Dungeon Crawl Stone Soup version 0.23-a0-644-gb60d84b (webtiles) character file.

77 Borgoz the Sneak (level 4, -1/28 HPs)
             Began as a Kobold Assassin on Jan 2, 2019.
             Slain by an orc
             ... wielding a +0 short sword
              (5 damage)
             ... on level 3 of the Dungeon.
             The game lasted 00:02:36 (1695 turns).

Borgoz the Sneak (Kobold Assassin)                  Turns: 1695, Time: 00:02:37

Health: -1/28      AC:  3    Str:  9    XL:     4   Next: 58%
Magic:  4/4        EV: 15    Int: 12    God:
Gold:   125        SH:  0    Dex: 16    Spells: 3/3 levels left

rFire    . . .     SeeInvis .   a - +2 dagger
rCold    . . .     Gourm    .   (shield restricted)
rNeg     . . .     Faith    .   c - +0 robe
rPois    .         Spirit   .   (no helmet)
rElec    .         Reflect  .   d - +0 cloak
rCorr    .         Harm     .   (no gloves)
MR       .....                  (no boots)
Stlth    +++.......             (no amulet)
HPRegen  0.09/turn              (no ring)
MPRegen  0.09/turn              (no ring)

@: no status effects
A: small, carnivore
a: no special abilities


You were on level 3 of the Dungeon.
You were very full.

You visited 1 branch of the dungeon, and saw 3 of its levels.

You collected 125 gold pieces.

Inventory:

Hand Weapons
 a - a +2 dagger (weapon)
 b - a +0 blowgun
Missiles
 e - 8 poisoned needles
 f - 2 curare-tipped needles
Armour
 c - a +0 robe (worn)
 d - a +0 cloak (worn)
Scrolls
 h - 3 scrolls of teleportation
 i - a scroll of identify {unknown}
 j - 2 scrolls of magic mapping {unknown}
 q - a scroll of immolation {unknown}
Potions
 k - a potion of haste
 l - a potion of agility {unknown}
 m - a potion of berserk rage {unknown}
 n - a potion of mutation {unknown}
 o - a potion of resistance
 p - a potion of flight {unknown}
 r - a potion of might {unknown}
Comestibles
 g - 5 rations


   Skills:
 * Level 3.5 Fighting
 + Level 3.5 Short Blades
 - Level 2.1 Throwing
 + Level 2.3 Dodging
 + Level 5.9 Stealth


You had 3 spell levels left.
You didn't know any spells.
Your spell library was empty.

Dungeon Overview and Level Annotations

Branches:
Dungeon (3/15)

Altars:


Innate Abilities, Weirdness & Mutations

You are small and have problems with some larger weapons.
You are carnivorous and can eat meat at any time.


Message History

You are too injured to fight recklessly!
You are too injured to fight recklessly!
You are too injured to fight recklessly!
You are too injured to fight recklessly!
You are too injured to fight recklessly!
You are too injured to fight recklessly!
You are too injured to fight recklessly!
You closely miss the orc.
The orc is severely wounded.
The orc closely misses you.
The orc hits you with a +0 short sword of speed.
* * * LOW HITPOINT WARNING * * *
You completely miss the orc.
The orc hits you with a +0 short sword of speed.
* * * LOW HITPOINT WARNING * * *
The orc hits you with a +0 short sword.
* * * LOW HITPOINT WARNING * * *
You completely miss the orc. The orc misses you.
You barely miss the orc. The orc hits you with a +0 short sword.
You die...

#.#####.# ..#
#.....#.# ##..#+####
#.....#.# #..>......
#.......###.........
#...................
#......###..........
##.....# #..........
#....## #.)........
#[)@.# #...)......
#.)oo# #..........
#....# #..........
#....+ #..........
#....# #)#########
#>...# #.# ######
..# ####


You could see 2 orcs.

Vanquished Creatures
  4 adders (D:2)
  2 dart slugs
  A leopard gecko (D:1)
  2 orcs (D:3)
  2 giant cockroaches
  4 goblins (D:2)
  6 hobgoblins
  2 ball pythons
  4 bats
  2 frilled lizards (D:2)
  2 kobolds
  4 rats
35 creatures vanquished.

Notes
Turn   | Place    | Note
-------+----------+-------------------------------------------
     0 | D:1      | Borgoz the Kobold Assassin began the quest for the Orb.
     0 | D:1      | Reached XP level 1. HP: 12/12 MP: 1/1
   210 | D:1      | Reached XP level 2. HP: 15/18 MP: 2/2
   720 | D:2      | Reached XP level 3. HP: 21/22 MP: 3/3
  1348 | D:2      | Reached XP level 4. HP: 22/28 MP: 4/4
  1695 | D:3      | Slain by an orc

Vault maps used:
D:1:      eino_arrival_tree_alley
D:2:      first_ration
D:3:      minivault_26, uniq_terence, uniq_ijyb, uniq_grinder, uniq_robin

Skill      XL: |  1  2  3 |
---------------+----------+-----
Short Blades   | 3 |  3.5
Fighting       | 3 |  3.5
Dodging        | 2 |  2.3
Throwing       | |  2.1
Stealth        | |  5.9

Action                   |  1- 3 |  4- 6 || total
-------------------------+-------+-------++-------
Melee: Dagger            |    89 |    33 ||   122
  Use: Scroll            |       |     1 ||     1
 Stab: Sleeping          |     5 |     4 ||     9
  Eat: Chunk             |     3 |     7 ||    10
Armor: Robe              |     9 |     1 ||    10
Dodge: Dodged            |    61 |    29 ||    90

Table legend:
 A = Non-vault XP
 B = Vault XP
 C = Vault XP percentage of total XP
 D = Non-vault monster count
 E = Vault monster count
 F = Vault count percentage of total count
                 A         B        C        D         E       F
            +---------+---------+-------+---------+---------+-------
      Total |     110 |       0 |   0.0 |      35 |       0 |   0.0
            +---------+---------+-------+---------+---------+-------
        D:1 |      21 |       0 |   0.0 |      11 |       0 |   0.0
        D:2 |      81 |       0 |   0.0 |      21 |       0 |   0.0
        D:3 |       8 |       0 |   0.0 |       3 |       0 |   0.0
            +---------+---------+-------+---------+---------+-------
